 Dungeon Crawl Stone Soup version 0.29.0-4-gdea44cf6ec (webtiles) character file.

Game seed: 11775342731581092359

14 qw the Sneak (level 2, -2/19 HPs)
             Began as a Gargoyle Delver on Sept 10, 2022.
             Slain by a worm (6 damage)
             ... on level 3 of the Dungeon.
             The game lasted 00:00:11 (295 turns).

qw the Sneak (Gargoyle Delver)                       Turns: 295, Time: 00:00:12

Health: -2/19      AC:  5    Str: 15    XL:     2   Next: 45%
Magic:  2/2        EV: 11    Int: 10    God:
Gold:   43         SH:  0    Dex: 11    Spells: 1/1 levels left

rFire   . . .      SeeInvis .   a - +0 hand axe
rCold   . . .      Faith    .   (no shield)
rNeg    + . .      Spirit   .   b - +0 leather armour
rPois   inf        Reflect  .   (no helmet)
rElec   +          Harm     .   (no cloak)
rCorr   .          Rampage  .   (no gloves)
Will    .....                   (no boots)
Stlth   +++.......              (no amulet)
HPRegen 0.06/turn               (no ring)
MPRegen 0.08/turn               (no ring)

@: no status effects
A: sickness immunity, AC +2, negative energy resistance 1, electricity
resistance, torment resistance 1, petrification resistance
a: no special abilities


You were on level 3 of the Dungeon.
You visited 1 branch of the dungeon, and saw 3 of its levels.

You collected 43 gold pieces.


Innate Abilities, Weirdness & Mutations

You are immune to sickness and miasma.
Your stone body is resilient. (AC +2)
You are immune to poison.
You resist negative energy. (rN+)
You are resistant to electric shocks. (rElec)
You are resistant to unholy torment.
You are immune to petrification.


   Skills:
 - Level 3.2 Fighting
 + Level 2.7 Axes
 - Level 1.5 Dodging
 - Level 5.4 Stealth


You had one spell level left.
You didn't know any spells.
Your spell library was empty.

Inventory:

Hand Weapons
 a - a +0 hand axe (weapon)
 d - a +0 club
Armour
 b - a +0 leather armour (worn)
Wands
 g - a wand of digging (3)
Potions
 c - a potion of heal wounds {unknown}
 e - a potion of magic {unknown}
 f - a potion of haste

Dungeon Overview and Level Annotations

Branches:
Dungeon (5/15)
 Temple: D:4-7

Altars:
Dithmenos


Message History

You kill the hobgoblin!
e - a viscous grey potion You open the door.
There is an open door here.
You open the door.
Found a shadowy altar of Dithmenos.
A worm comes into view.
You barely miss the worm. You hit the worm.
The worm is moderately wounded.
The worm closely misses you.
You hit the worm.
The worm is moderately wounded.
The worm bites you.
You hit the worm.
The worm is moderately wounded.
The worm closely misses you.
You hit the worm.
The worm is moderately wounded.
You barely miss the worm.
The worm is moderately wounded.
The worm barely misses you.
You hit the worm.
The worm is moderately wounded.
The worm bites you!
Ouch! That really hurt!
You hit the worm but do no damage.
The worm is moderately wounded.
You barely miss the worm.
The worm is moderately wounded.
The worm bites you.
You hit the worm.
The worm is moderately wounded.
The worm closely misses you.
You hit the worm.
The worm is moderately wounded.
You hit the worm.
The worm is heavily wounded.
The worm bites you.
You die...

##+####
#...#.######
+.8.'......#
#.@.#.##...#
##w####....#
#...##.....# .#
##_##......# .#
###.......##.#
.#.........#.#
...........#.###
...#....##.#... ..
####.##.##.#.#....


You could see a worm.

Vanquished Creatures
  An adder (D:3)
  A ball python (D:4)
  A giant cockroach (D:4)
  A goblin (D:4)
  A hobgoblin (D:3)
5 creatures vanquished.

Notes
Turn   | Place    | Note
-------+----------+-------------------------------------------
     0 | D:5      | qw the Gargoyle Delver began the quest for the Orb.
     0 | D:5      | Reached XP level 1. HP: 14/14 MP: 1/1
     0 | D:5      | 0 ||| qw: Version: 0.1-a-116-g5d60599
     0 | D:5      | 0 ||| qw: Game counter: 7876
     0 | D:5      | 0 ||| qw: Always use a shield: true
     0 | D:5      | 0 ||| qw: God list: Okawaru
     0 | D:5      | 0 ||| qw: Allow faded altars: false
     0 | D:5      | 0 ||| qw: Do Orc after D:15 true
     0 | D:5      | 0 ||| qw: Do second Lair branch before Depths: true
     0 | D:5      | 0 ||| qw: Lair rune preference: random
     0 | D:5      | 0 ||| qw: Plans: Normal
     0 | D:5      | 0 ||| PLANNING D:1-11
    26 | D:5      | 26 ||| DROPPING scroll of fog.
    27 | D:5      | 27 ||| DROPPING scroll of magic mapping.
    28 | D:5      | 28 ||| DROPPING scroll of fear.
    54 | D:4      | Noticed a necrophage
    56 | D:4      | Noticed a jelly
   144 | D:4      | 144 ||| Stepping ~*~*~tactically~*~*~ (stealth).
   151 | D:4      | 151 ||| Stepping ~*~*~tactically~*~*~ (stealth).
   154 | D:4      | 154 ||| Stepping ~*~*~tactically~*~*~ (stealth).
   158 | D:4      | 158 ||| Stepping ~*~*~tactically~*~*~ (stealth).
   247 | D:3      | Reached XP level 2. HP: 19/19 MP: 2/2
   277 | D:3      | Found a shadowy altar of Dithmenos.
   292 | D:3      | HP: 3/19 [worm (4)]
   295 | D:3      | Slain by a worm

Levels and vault maps discovered:
D:3:      layout_basic, mainiacjoe_overflow_alcove_4,
          mainiacjoe_overflow_small_starburst, grunt_temple_overflow_diamond,
          feat_on_display, uniq_terence, uniq_robin
D:4:      layout_gridville, minmay_temple_entry_water_ring, grunt_tough_drop
D:5:      layout_basic, serial_shops, shop, hangedman_abyss_or_decor_passed

Skill      XL: |  1 |
---------------+----+-----
Axes           | 2 |  2.7
Fighting       | |  3.2
Dodging        | |  1.5
Stealth        | |  5.4

Action                   || total
-------------------------++-------
Melee: Hand axe          ||    42
Armor: Leather armour    ||    10
Dodge: Dodged            ||    25

Table legend:
 A = Non-vault XP
 B = Vault XP
 C = Vault XP percentage of total XP
 D = Non-vault monster count
 E = Vault monster count
 F = Vault count percentage of total count
                 A         B        C        D         E       F
            +---------+---------+-------+---------+---------+-------
      Total |      19 |       2 |   9.5 |       4 |       1 |  20.0
            +---------+---------+-------+---------+---------+-------
        D:3 |      15 |       0 |   0.0 |       2 |       0 |   0.0
        D:4 |       4 |       2 |  33.3 |       2 |       1 |  33.3
            +---------+---------+-------+---------+---------+-------
